 Dungeon Crawl Stone Soup version 0.26.0-10-g1f06aea511 (webtiles) character file.

Game seed: 17585252917949518200

2100 dohliylev the Thaumaturge (level 9, -1/39 HPs)
             Began as a Spriggan Venom Mage on Jan 12, 2021.
             Was an Initiate of Sif Muna.
             Slain by a killer bee zombie (8 damage)
             ... on level 7 of the Dungeon on Jan 14, 2021.
             The game lasted 00:44:01 (10221 turns).

dohliylev the Thaumaturge (Spriggan Venom Mage)    Turns: 10221, Time: 00:44:03

Health: -1/39      AC:  2    Str:  4    XL:     9   Next: 7%
Magic:  22/24      EV: 21    Int: 19    God:    Sif Muna [......]
Gold:   523        SH:  0    Dex: 17    Spells: 20/28 levels left

rFire    . . .     SeeInvis +   n - +0 short sword (elec)
rCold    . . .     Faith    .   (shield restricted)
rNeg     . . .     Spirit   .   a - +0 robe
rPois    .         Reflect  .   d - +0 hat
rElec    .         Harm     .   k - scarf {repulsion}
rCorr    .         Rampage  .   (gloves unavailable)
Will     +....                  (boots unavailable)
Stlth    ++........             (no amulet)
HPRegen  0.13/turn              (no ring)
MPRegen  0.19/turn              x - ring of flight

@: repel missiles, very quick
A: very small, unfitting armour, see invisible, speed 3
a: Renounce Religion, Evoke Flight


You were on level 7 of the Dungeon.
You worshipped Sif Muna.
Sif Muna was noncommittal.
You visited 2 branches of the dungeon, and saw 8 of its levels.

You collected 523 gold pieces.

Inventory:

Hand Weapons
 n - a +0 short sword of electrocution (weapon)
Armour
 a - a +0 robe (worn)
 d - a +0 hat (worn)
 k - a scarf of repulsion (worn)
Jewellery
 x - a ring of flight (right hand)
Scrolls
 b - a scroll of noise {unknown}
 c - 5 scrolls of remove curse
 f - 2 scrolls of magic mapping {unknown}
 l - 6 scrolls of teleportation {unknown}
 m - a scroll of fear {unknown}
 s - 2 scrolls of identify {unknown}
 t - a scroll of enchant armour {unknown}
 v - a scroll of enchant weapon {unknown}
 w - a scroll of vulnerability {unknown}
Potions
 e - 3 potions of invisibility
 g - 5 potions of lignification {unknown}
 h - 3 potions of berserk rage {unknown}
 i - 2 potions of flight {unknown}
 j - 2 potions of attraction {unknown}
 o - 3 potions of magic {unknown}
 p - 2 potions of might {unknown}
 q - 2 potions of resistance {unknown}
 r - 2 potions of curing {unknown}
 u - a potion of mutation {unknown}


   Skills:
 - Level 6.0 Dodging
 - Level 3.0 Stealth
 - Level 10.0 Spellcasting
 + Level 0.4 Conjurations
 - Level 1.2 Hexes
 - Level 5.3 Summonings
 - Level 1.3 Transmutations
 - Level 0.3 Air Magic
 + Level 5.1 Poison Magic


You had 20 spell levels left.
You knew the following spells:

 Your Spells              Type           Power        Failure   Level
a - Sting                 Tmut/Pois      84%          1%          1
b - Poisonous Vapours     Pois/Air       38%          3%          2
c - Mephitic Cloud        Conj/Pois/Air  16%          10%         3
d - Searing Ray           Conj           22%          10%         2

Your spell library contained the following spells:

 Spells                   Type           Power        Failure   Level
 Magic Dart               Conj           44%          6%          1
 Olgreb's Toxic Radiance  Pois           28%          9%          4
 Ignite Poison            Fire/Tmut/Pois 17%          10%         3
 Dazzling Flash           Conj/Hex       24%          16%         3
 Fulminant Prism          Conj/Hex       6%           45%         4
 Iskenderun's Mystic Bla  Conj/Tloc      10%          56%         4


Dungeon Overview and Level Annotations

Branches:
Dungeon (7/15)             Temple (1/1) D:7

Altars:
Ashenzari
Cheibriados
Dithmenos
Elyvilon
Fedhas
Gozag
Kikubaaqudgha
Nemelex Xobeh
Okawaru
Qazlal
Ru
Sif Muna
Trog
Uskayaw
Vehumet
Wu Jian
Xom
Yredelemnul
Zin
The Shining One

Shops:
D:5 (   D:6 (

Annotations:
D:4 Menkaure


Innate Abilities, Weirdness & Mutations

You are very small and have problems with some larger weapons.
You are too small for most types of armour.
You have supernaturally acute eyesight. (SInv)
You cover ground extremely quickly.


Message History

The killer bee zombie hits you but does no damage.
The killer bee zombie hits you.
* * * LOW HITPOINT WARNING * * *
The killer bee zombie misses you.
Things that are here:
15 arrows; a +0 shortbow The killer bee zombie misses you.
The killer bee zombie hits you.
* * * LOW HITPOINT WARNING * * *
The killer bee zombie completely misses you.
Casting: Sting (safe; 1% risk of failure)
Confirm with . or Enter, or press ? or * to list all spells.
Aiming: Searing Ray (safe; 10% risk of failure)
Press: ? - help, Shift-Dir - straight line, f - killer bee zombie
Aim: a killer bee zombie (moderately damaged, 33% to evade)
The searing ray hits the killer bee zombie.
The killer bee zombie is heavily damaged. (Press . to maintain the ray.)
The killer bee zombie hits you!
You die...

#.########.###########...##.# #.#
#.##....#...'...+.[.
#####.########.##....#.###...##.#
....................(...........#
................................>
#(......######.##....#..#.####.#.
........# #.##.......#..# #.#.
##......# #.##.####.###.# #.#.
#......# #..@Z.....###.###.#.
#......# #<.#................
#......#######'###########.##.##
##'#####...........# #.##.## #.#
#...........# #..#.## #.#
#...........# ##.#.## ###.#
#..........)# #.#.# .##.#
#...........# #.#.# .##)#
#...........# #...#


You could see a killer bee zombie.

Vanquished Creatures
  Grinder (D:6)
  2 ice beasts (D:7)
  A sky beast (D:7)
  A black bear (D:6)
  2 centaurs
  2 big kobolds (D:7)
  3 bullfrogs
  A wyvern skeleton (D:7)
  A howler monkey (D:7)
  4 crimson imps (D:5)
  A centaur zombie (D:5)
  3 hounds (D:7)
  2 jellies (D:5)
  3 orc priests
  Crazy Yiuf (D:3)
  A centaur skeleton (D:5)
  Jessica (D:3)
  A bullfrog skeleton (D:5)
  An iguana (D:6)
  A worker ant (D:4)
  A killer bee zombie (D:7)
  A hound skeleton (D:7)
  4 gnolls (D:3)
  14 adders
  3 white imps
  An adder skeleton (D:4)
  3 worms
  A dart slug (D:3)
  4 leopard geckos
  16 orcs
  9 bats
  6 giant cockroaches
  8 goblins
  7 hobgoblins
  16 jackals
  19 kobolds
  5 quokkas
  5 frilled lizards
  A leopard gecko skeleton (D:7)
  8 rats
165 creatures vanquished.

Vanquished Creatures (others)
  A plant (D:4)
1 creature vanquished.

Grand Total: 166 creatures vanquished

Notes
Turn   | Place    | Note
-------+----------+-------------------------------------------
     0 | D:1      | dohliylev the Spriggan Venom Mage began the quest for the
                  | Orb.
     0 | D:1      | Reached XP level 1. HP: 9/9 MP: 5/5
   251 | D:1      | Reached XP level 2. HP: 13/13 MP: 0/6
   740 | D:2      | Learned a level 2 spell: Poisonous Vapours
   777 | D:2      | Reached skill level 5 in Dodging
   777 | D:2      | Reached XP level 3. HP: 16/16 MP: 0/8
  1111 | D:2      | Reached skill level 3 in Spellcasting
  1324 | D:2      | Reached XP level 4. HP: 21/21 MP: 7/10
  1487 | D:2      | Found an opulent altar of Gozag.
  1817 | D:2      | Found a white marble altar of Elyvilon.
  2001 | D:3      | Reached skill level 4 in Spellcasting
  2479 | D:3      | Learned a level 3 spell: Mephitic Cloud
  2598 | D:3      | Reached XP level 5. HP: 24/24 MP: 0/13
  2772 | D:3      | Noticed Jessica
  2777 | D:3      | Killed Jessica
  2778 | D:3      | Reached skill level 5 in Spellcasting
  3095 | D:3      | Reached skill level 6 in Spellcasting
  3172 | D:3      | Reached XP level 6. HP: 28/28 MP: 6/16
  3640 | D:3      | Found a runed translucent door.
  3641 | D:3      | Noticed Crazy Yiuf
  3657 | D:3      | Killed Crazy Yiuf
  3765 | D:4      | Noticed Menkaure
  3994 | D:4      | Found a shadowy altar of Dithmenos.
  4490 | D:4      | You fall into a shaft and drop 3 floors!
  4582 | D:7      | Reached skill level 7 in Spellcasting
  4839 | D:7      | Reached skill level 8 in Spellcasting
  4839 | D:7      | Reached XP level 7. HP: 29/32 MP: 4/19
  4948 | D:7      | Found a glowing golden altar of the Shining One.
  5303 | D:6      | Noticed Grinder
  5332 | D:6      | Paralysed by Grinder for 7 turns
  5350 | D:6      | Killed Grinder
  5351 | D:6      | Reached skill level 9 in Spellcasting
  5563 | D:6      | Reached skill level 10 in Spellcasting
  5606 | D:6      | Found Suceb's Weapon Shoppe.
  5754 | D:5      | Entered Level 5 of the Dungeon
  5828 | D:5      | Reached skill level 1 in Hexes
  5869 | D:5      | Reached skill level 1 in Summonings
  6178 | D:4      | Learned a level 2 spell: Searing Ray
  6223 | D:5      | Reached XP level 8. HP: 16/36 MP: 13/23
  6658 | D:5      | Found a shimmering altar of Xom.
  6662 | D:5      | Paralysed by a crimson imp for 2 turns
  6962 | D:5      | Found Reudwi's Antique Weapon Shoppe.
  7502 | D:5      | Found an ancient bone altar of Kikubaaqudgha.
  7505 | D:5      | Found a sparkling altar of Nemelex Xobeh.
  7508 | D:5      | Found a basalt altar of Yredelemnul.
  8815 | D:7      | Upgraded the game from 0.26-b1-32-g5d43845318 to
                  | 0.26.0-10-g1f06aea511
  8838 | D:7      | Reached skill level 5 in Summonings
  9074 | D:7      | Found a radiant altar of Vehumet.
  9281 | D:7      | Reached XP level 9. HP: 12/39 MP: 20/24
  9574 | D:7      | Reached skill level 5 in Poison Magic
  9775 | D:7      | Found a staircase to the Ecumenical Temple.
  9785 | Temple   | Entered the Ecumenical Temple
  9825 | Temple   | Became a worshipper of Sif Muna the Loreminder
 10221 | D:7      | Slain by a killer bee zombie

Illustrated notes

Levels and vault maps discovered:
D:1:      co_arrival_square_in_a_square_in_a_square, layout_basic
D:2:      minmay_diamond_boxcup, layout_basic, elyvilon_altar_3,
          nicolae_gozag_cash_rules_everything_around_me, grunt_ministairs_12,
          minmay_tromino_mix6
D:3:      layout_loops_ring, uniq_jessica, uniq_crazy_yiuf_cottage
D:4:      corexii_shack_village, layout_loops_ring, grunt_dithmenos_smoke,
          uniq_menkaure
D:5:      layout_rooms, grunt_temple_overflow_diamond, serial_shops,
          kennysheep_little_box, chequers_serial_rivers_marsh, led_xom_imps
D:6:      layout_basic, serial_shops, nicolae_shop_stone, uniq_grinder
D:7:      layout_basic, temple_statues, basic_altar,
          nicolae_tso_swordbearing_angel
Temple:   cyrus_circular_temple

Skill      XL: |  1  2  3  4  5  6  7  8  9 |
---------------+----------------------------+-----
Dodging        | 4 5 6 |  6.0
Spellcasting   | 3 4 6 8 10 | 10.0
Hexes          | 1 |  1.2
Summonings     | 1 5 |  5.3
Poison Magic   | 4 5 |  5.1
Stealth        | |  3.0
Conjurations   | |  0.4
Transmutations | |  1.3
Air Magic      | |  0.3

Action                   |  1- 3 |  4- 6 |  7- 9 || total
-------------------------+-------+-------+-------++-------
Melee: Unarmed           |    35 |     9 |       ||    44
       Short sword       |       |    33 |    85 ||   118
 Cast: Sting             |    55 |    64 |   119 ||   238
       Poisonous Vapours |     7 |    67 |    61 ||   135
       Searing Ray       |       |       |    11 ||    11
  Use: Scroll            |       |       |     1 ||     1
 Stab: Sleeping          |     1 |       |     1 ||     2
       Distracted        |       |       |     1 ||     1
Armor: Robe              |    11 |     1 |    10 ||    22
Dodge: Dodged            |    52 |    59 |   151 ||   262
       Repelled          |       |       |     4 ||     4
